Map: Last Remnant

Players

Drug

  • Race: Zerg Zerg
  • Spawn Location: 9:00

dgoni

  • Race: Protoss Protoss
  • League: Diamond
  • Spawn Location: 7:00

Honor

  • Race: Protoss Protoss
  • Spawn Location: 6:00

masha

  • Race: Zerg Zerg
  • League: Platinum
  • Spawn Location: 6:00

Beastyqt - Winner!

  • Race: Protoss Protoss
  • League: Grandmaster
  • Spawn Location: 12:00

TurkeyDano - Winner!

  • Race: Protoss Protoss
  • League: Master
  • Spawn Location: 3:00

printf - Winner!

  • Race: Protoss Protoss
  • Spawn Location: 12:00

llllllllllll - Winner!

  • Race: Protoss Protoss
  • League: Master
  • Spawn Location: 1:00

VOD

Have the link to the VOD?

Description

Time

  • Played on: Jan. 13, 2019, 3:46 p.m.
  • Length: 6:04
Show
View Real Time Build Order
Export as new Build Order

Drug Zerg 

Build Orders: Pool Only 

Get SALT Encoding   

  12  0:19  Spawning Pool  
  11  0:24  Drone  
  11  0:28  Drone  
  13  0:32  Drone  
  14  0:42  Overlord  
  14  1:10  Zergling x6  
  17  1:14  Queen  
  19  1:24  Zergling x2  
  20  2:36  Drone x2  
  22  3:05  Spine Crawler  
  21  3:22  Spine Crawler  
  21  3:24  Drone x2  
  17  4:15  Zergling x12  
  17  4:22  Zergling x6  
  12  4:47  Spine Crawler, Drone  
  12  4:48  Spine Crawler, Drone  
  12  5:14  Drone  
  12  5:15  Drone x2  
  15  5:35  Zergling x2  
  8  5:54  Evolution Chamber  
  9  5:58  Spine Crawler  
  9  6:01  Spine Crawler  
Show
View Real Time Build Order
Export as new Build Order

dgoni Protoss 

Build Orders: Cannon Rush 

Get SALT Encoding   

  12  0:03  Probe  
  13  0:18  Pylon  
  13  0:26  Probe  
  14  0:45  Forge  
  14  1:03  Pylon  
  14  1:17  Assimilator  
  14  1:28  Photon Cannon  
  14  1:30  Photon Cannon  
  14  1:32  Photon Cannon  
  14  1:38  Pylon  
  14  1:50  Pylon  
  14  2:01  Photon Cannon  
  14  2:10  Photon Cannon  
  14  2:23  Photon Cannon  
  2  5:09  Probe  
Show
View Real Time Build Order
Export as new Build Order

Honor Protoss 

Build Orders: Cannon Rush 

Get SALT Encoding   

  12  0:01  Probe  
  13  0:09  Probe  
  14  0:18  Probe  
  15  0:24  Pylon  
  16  0:42  Probe  
  16  0:43  Forge  
  16  0:54  Probe  
  17  1:07  Probe  
  18  1:12  Pylon  
  18  1:32  Photon Cannon  
  17  1:34  Photon Cannon  
  17  1:36  Photon Cannon  
  16  1:46  Pylon  
  15  1:52  Probe  
  15  1:54  Pylon  
  15  2:00  Probe  
  17  2:11  Photon Cannon  
  17  2:22  Probe  
  17  2:23  Photon Cannon  
  18  2:39  Photon Cannon  
  1  4:52  Photon Cannon  
  1  4:53  Photon Cannon  
Show
View Real Time Build Order
Export as new Build Order

masha Zerg 

Build Orders: Pool Only 

Get SALT Encoding   

  12  0:01  Drone  
  13  0:11  Drone  
  14  0:23  Extractor x2, Drone  
  14  0:24  Drone  
  16  0:38  Spawning Pool  
  15  0:50  Overlord  
  15  1:04  Extractor  
  14  1:12  Drone  
  14  1:17  Overlord  
  15  1:26  Queen  
  15  1:27  Zergling x2  
  15  1:28  Zergling x2  
  19  1:34  Spine Crawler  
  19  1:36  Zergling x2  
  19  1:48  Spine Crawler, Drone  
  19  2:01  Drone  
  17  2:35  Zergling x6  
  20  2:45  Zergling x6  
  20  2:49  Queen  
  21  3:16  Zergling x4  
  1  3:43  Zergling x2  
  1  3:44  Zergling x4  
  1  3:45  Queen  
  5  3:56  Metabolic Boost  
  5  3:59  Drone  
  5  4:43  Drone  
Show
View Real Time Build Order
Export as new Build Order

Beastyqt Protoss - Winner!

Build Orders: 1 Gate Expand 

Get SALT Encoding   

  12  0:00  Probe  
  13  0:12  Probe  
  14  0:18  Pylon  
  14  0:25  Probe  
  15  0:37  Probe  
  15  0:40  Gateway  
  16  0:49  Probe  
  17  1:16  Nexus  
  17  1:19  Zealot  
  19  1:38  Zealot  
  21  1:50  Cybernetics Core  
  21  2:00  Zealot  
  22  2:09  Probe  
  23  2:20  Zealot  
  26  3:00  Pylon  
  18  3:37  Probe  
  17  3:51  Gateway  
  17  3:53  Probe  
  18  4:14  Probe  
  19  4:32  Probe  
  21  4:45  Probe  
  21  4:57  Probe  
  22  5:05  Gateway  
  22  5:10  Probe  
  23  5:26  Pylon  
Show
View Real Time Build Order
Export as new Build Order

TurkeyDano Protoss - Winner!

Build Orders: 1 Gate Expand 

Get SALT Encoding   

  12  0:00  Probe  
  13  0:13  Probe  
  14  0:17  Pylon  
  14  0:25  Probe  
  15  0:37  Probe  
  15  0:40  Gateway  
  16  0:57  Probe  
  17  1:14  Nexus  
  17  1:19  Probe  
  17  1:22  Zealot  
  18  1:29  Assimilator  
  20  1:41  Zealot  
  20  1:42  Probe  
  23  2:15  Nexus  
  23  2:33  Probe  
  23  2:36  Pylon  
  23  2:55  Cybernetics Core  
  22  3:21  Pylon  
  22  3:33  Probe  
  23  3:36  Assimilator  
  23  3:42  Assimilator  
  11  4:17  Probe  
  12  4:27  Gateway  
  12  4:29  Probe  
  13  4:42  Probe  
  14  5:00  Probe  
  14  5:12  Probe  
  15  5:15  Zealot  
  17  5:24  Probe  
  17  5:25  Forge  
  18  5:34  Stargate  
  18  5:36  Probe  
  19  5:48  Probe  
  20  6:01  Photon Cannon  
Show
View Real Time Build Order
Export as new Build Order

printf Protoss - Winner!

Build Orders: 1 Gate Expand 

Get SALT Encoding   

  12  0:01  Probe  
  13  0:13  Probe  
  14  0:22  Pylon  
  14  0:26  Probe  
  15  0:40  Probe  
  16  0:45  Gateway  
  16  0:55  Gateway  
  16  1:02  Probe  
  17  1:24  Zealot  
  17  1:27  Nexus  
  17  1:36  Zealot  
  21  1:51  Zealot  
  23  1:57  Pylon  
  23  2:10  Zealot  
  24  2:18  Zealot  
  26  2:32  Zealot, Probe  
  29  3:15  Zealot  
  29  3:16  Zealot  
  27  3:43  Zealot  
  27  3:44  Zealot  
Show
View Real Time Build Order
Export as new Build Order

llllllllllll Protoss - Winner!

Build Orders:  

Get SALT Encoding   

  12  0:04  Probe  
  13  0:16  Probe  
  13  0:19  Pylon  
  14  0:28  Probe  
  15  0:40  Probe  
  16  1:09  Nexus  
  16  1:16  Forge  
  16  1:18  Probe  
  17  1:27  Gateway  
  17  1:43  Probe  
  18  1:53  Photon Cannon  
  18  1:55  Probe  
  19  2:02  Pylon  
  19  2:06  Zealot  
  19  2:08  Probe  
  22  2:17  Gateway  
  22  2:32  Zealot  
  24  3:07  Zealot x2  
  24  3:12  Probe  
  28  3:34  Zealot  
  29  3:45  Zealot  
  31  4:01  Zealot  
  27  4:21  Zealot  
  29  4:28  Zealot  
  31  4:32  Probe  
  32  4:50  Probe  
  29  4:58  Probe  
  30  5:07  Pylon  
  30  5:08  Probe  
  31  5:29  Photon Cannon  
Tags
 
Add a new tag
Caveats
  • Supply blocks, unpowered buildings, or Contaminate may cause inaccurate times.
  • Supply counts are checked every 10 seconds.